[Event "Titled Tuesday Blitz November 07 Early 2023"]
[White "The_Sherman_Variation"]
[Black "Tarigan, Gilbert Elroy"]
[BlackFideId "7108133"]
[WhiteElo "2568"]
[BlackElo "2839"]
[Result "0-1"]
[Round "2"]
[TimeControl "180+1"]
[Date "2023.11.07"]
[WhiteClock "0:00:20"]
[BlackClock "0:00:15"]
[Board "48"]

1. e4 a6 2. d4 c6 3. c3 d5 4. e5 Bf5 5. Nf3 e6 6. Be2 Ne7 7. O-O h6 8. Na3 Nd7 9. Nc2 c5 10. c4 dxc4 11. Bxc4 b5 12. Be2 Bxc2 13. Qxc2 Nd5 14. a4 c4 15. Bd2 Bb4 16. Bxb4 Nxb4 17. Qe4 O-O 18. h4 Nb6 19. axb5 axb5 20. Nd2 Qd5 21. Qg4 Rxa1 22. Rxa1 Nc2 23. Ne4 Qxd4 24. Ra7 Nd5 25. Rd7 Qxe5 26. Bd1 Ncb4 27. Ng3 Nf6 28. Qf3 Qxb2 29. Rb7 Nbd5 30. Ne2 b4 31. Kh2 Qe5+ 32. g3 b3 33. Bxb3 cxb3 34. Rxb3 Rc8 35. Rb1 Qe4 36. Ng1 Qxb1 0-1


[Site "https://www.chess.com"]

[Event "Titled Tuesday Blitz November 07 Early 2023"]
[White "mind1mover"]
[Black "Soham Kamotra"]
[BlackFideId "46647490"]
[WhiteElo "2837"]
[BlackElo "2567"]
[Result "1-0"]
[Round "2"]
[TimeControl "180+1"]
[Date "2023.11.07"]
[WhiteClock "0:00:31"]
[BlackClock "0:00:01"]
[Board "49"]

1. Nf3 d5 2. b3 Nf6 3. Bb2 Bf5 4. c4 c6 5. g3 h6 6. Bg2 e6 7. O-O Be7 8. d3 O-O 9. Nbd2 a5 10. a3 Bh7 11. Ra2 Re8 12. Qa1 Nbd7 13. Rc1 Bf8 14. Ne5 Nxe5 15. Bxe5 Nd7 16. Bc3 Qb6 17. Qb2 Bc5 18. d4 Bf8 19. Rca1 a4 20. b4 dxc4 21. Nxc4 Qb5 22. Ne3 Nb6 23. Re1 Nd5 24. Bd2 Rad8 25. Raa1 Be7 26. Rac1 Rd7 27. Ng4 Nb6 28. Ne5 Rdd8 29. e4 Qa6 30. Be3 Bf6 31. Ng4 Be7 32. Bf1 Qa8 33. d5 Nd7 34. dxe6 fxe6 35. Bc4 Bf8 36. Rcd1 Bxe4 37. Bg5 Bd5 38. Bxd5 exd5 39. Bxd8 Qxd8 40. Qc2 Nb6 41. Qg6 Rxe1+ 42. Rxe1 Kh8 43. Re8 1-0


[Site "https://www.chess.com"]

[Event "Titled Tuesday Blitz November 07 Early 2023"]
[White "Bagrationi, Alexander"]
[Black "Mikhailovsky, Vladimir"]
[WhiteFideId "14104954"]
[BlackFideId "34105414"]
[WhiteElo "2566"]
[BlackElo "2837"]
[Result "0-1"]
[Round "2"]
[TimeControl "180+1"]
[Date "2023.11.07"]
[WhiteClock "0:00:04"]
[BlackClock "0:00:09"]
[Board "50"]

1. d4 d6 2. e4 Nf6 3. Nc3 e5 4. Nf3 Nbd7 5. Bc4 Be7 6. O-O O-O 7. a4 a5 8. Re1 c6 9. Ba2 Qc7 10. h3 Nb6 11. dxe5 dxe5 12. Qe2 h6 13. Bb3 Nbd7 14. Nh4 Nc5 15. Bc4 Be6 16. Nf5 Rfe8 17. Nxe7+ Qxe7 18. f3 Nh5 19. Be3 Bxc4 20. Qxc4 Ne6 21. Kh2 Qh4 22. Ne2 Red8 23. g3 Qe7 24. Rad1 Rxd1 25. Rxd1 Rd8 26. Rxd8+ Qxd8 27. Kg2 Qd1 28. Qd3 Qa1 29. b3 Nf6 30. Bb6 Qe1 31. c3 Nh5 32. Bf2 Qa1 33. Qd2 Qb1 34. Nc1 Nf6 35. Be3 g5 36. Qd3 Qb2+ 37. Ne2 Qxb3 38. Qd6 Qxa4 39. Qxe5 Nd7 40. Qd6 Ndf8 41. h4 Qc2 42. Kf2 Ng6 43. h5 Ngf8 44. Qb8 Qb3 45. Nd4 Nxd4 46. Bxd4 Qb2+ 47. Kg1 Qb5 48. Qe8 a4 49. Qe7 Ne6 50. Qe8+ Nf8 51. Qe7 Ne6 52. Bf6 Qc5+ 53. Qxc5 Nxc5 54. Be7 Nd3 55. Kf1 c5 56. Ke2 a3 57. c4 a2 58. Bf6 Nb4 59. Kd2 Nc6 60. Kc1 Nd4 61. Kb2 Nxf3 62. Kxa2 Nd2 63. Be7 Nxc4 64. Bxc5 Nd2 65. e5 Ne4 66. Bb6 Nxg3 67. Kb3 Nxh5 68. Kc4 Kg7 69. Kd5 Kg6 70. Kd6 Nf4 71. Kc7 Kf5 72. Bd4 Ng6 73. Kxb7 Nxe5 74. Kb6 f6 75. Kc5 h5 0-1


[Site "https://www.chess.com"]

[Event "Titled Tuesday Blitz November 07 Early 2023"]
[White "Yanchenko, Roman"]
[Black "Cervantes Landeiro, Thalia"]
[WhiteFideId "4137329"]
[BlackFideId "3520498"]
[WhiteElo "2835"]
[BlackElo "2565"]
[Result "1-0"]
[Round "2"]
[TimeControl "180+1"]
[Date "2023.11.07"]
[WhiteClock "0:00:59"]
[BlackClock "0:00:03"]
[Board "51"]

1. d4 Nf6 2. Nf3 g6 3. c4 Bg7 4. Nc3 d5 5. e3 O-O 6. h3 c5 7. Be2 cxd4 8. Nxd4 e5 9. Nf3 e4 10. Nd4 Nc6 11. cxd5 Nxd5 12. Nxc6 bxc6 13. Nxe4 Bf5 14. Nd2 Re8 15. O-O Be5 16. e4 Nf4 17. exf5 Nxe2+ 18. Kh1 Nxc1 19. Rxc1 Bxb2 20. Rxc6 Qd5 21. Rc2 Bg7 22. fxg6 hxg6 23. Qf3 Rad8 24. Rc7 Bd4 25. Qxd5 Rxd5 26. Nf3 Bb6 27. Rc2 Ra5 28. Rd1 Re4 29. g3 Rea4 30. Rdd2 Ra3 31. Kg2 Kg7 32. h4 Rf5 33. Ng5 Ba5 34. Re2 Bb6 35. Rcd2 Ra4 36. Rd7 Bc5 37. f4 Rd4 38. Ne6+ 1-0


[Site "https://www.chess.com"]

[Event "Titled Tuesday Blitz November 07 Early 2023"]
[White "Pendos666"]
[Black "Jia, Haoxiang"]
[BlackFideId "8602999"]
[WhiteElo "2832"]
[BlackElo "2565"]
[Result "1-0"]
[Round "2"]
[TimeControl "180+1"]
[Date "2023.11.07"]
[WhiteClock "0:01:52"]
[BlackClock "0:00:57"]
[Board "52"]

1. e4 c5 2. Nf3 d6 3. d4 cxd4 4. Nxd4 Nf6 5. f3 e5 6. Bb5+ Bd7 7. Bxd7+ Qxd7 8. Nf5 d5 9. Bg5 d4 10. c3 Nc6 11. cxd4 Bb4+ 12. Kf2 O-O 13. Bxf6 gxf6 14. dxe5 Bc5+ 15. Kg3 Qc7 16. Nc3 Nxe5 17. Nd5 Qd8 18. Qc1 Kh8 19. Qxc5 Rg8+ 20. Kh3 Rc8 21. Qe7 1-0


[Site "https://www.chess.com"]

[Event "Titled Tuesday Blitz November 07 Early 2023"]
[White "Lymar, Vladislav"]
[Black "Bacrot, Etienne"]
[WhiteFideId "14162180"]
[BlackFideId "605506"]
[WhiteElo "2562"]
[BlackElo "2825"]
[Result "0-1"]
[Round "2"]
[TimeControl "180+1"]
[Date "2023.11.07"]
[WhiteClock "0:00:31"]
[BlackClock "0:02:09"]
[Board "53"]

1. d4 d5 2. c4 c6 3. Nf3 Nf6 4. Qc2 g6 5. cxd5 cxd5 6. Bf4 Nc6 7. Nc3 Bg7 8. e3 O-O 9. Ne5 Nh5 10. Nxc6 bxc6 11. Bg3 Nxg3 12. hxg3 e5 13. dxe5 Bxe5 14. Be2 Rb8 15. O-O h5 16. Na4 Qf6 17. Rac1 Bd7 18. Nc5 Bf5 19. Qa4 Bxb2 20. Rcd1 Qc3 21. Na6 Bc2 22. Qf4 Bxd1 23. Rxd1 Rb6 24. Nc7 Qe5 0-1


[Site "https://www.chess.com"]

[Event "Titled Tuesday Blitz November 07 Early 2023"]
[White "Nyzhnyk, Illya"]
[Black "Roebers, Eline"]
[WhiteFideId "14118084"]
[BlackFideId "1058401"]
[WhiteElo "2823"]
[BlackElo "2561"]
[Result "1-0"]
[Round "2"]
[TimeControl "180+1"]
[Date "2023.11.07"]
[WhiteClock "0:01:41"]
[BlackClock "0:01:43"]
[Board "54"]

1. Nf3 f5 2. b3 Nf6 3. Bb2 g6 4. c4 Bg7 5. e3 O-O 6. Be2 d6 7. d4 Qe8 8. O-O Ne4 9. Nbd2 Nxd2 10. Qxd2 c6 11. d5 Bxb2 12. Qxb2 e5 13. dxe6 Qxe6 14. Rad1 Na6 15. Qd4 Rd8 16. Qh4 Rd7 17. Rd4 Nc5 18. Rfd1 Ne4 19. Qf4 Qf6 20. Rxe4 1-0


[Site "https://www.chess.com"]

[Event "Titled Tuesday Blitz November 07 Early 2023"]
[White "Czopor, Maciej"]
[Black "Zakhartsov, Vladimir"]
[WhiteFideId "21805431"]
[BlackFideId "4145097"]
[WhiteElo "2560"]
[BlackElo "2821"]
[Result "0-1"]
[Round "2"]
[TimeControl "180+1"]
[Date "2023.11.07"]
[WhiteClock "0:00:00"]
[BlackClock "0:00:42"]
[Board "55"]

1. d4 Nf6 2. Nf3 d5 3. Bf4 c5 4. e3 Nc6 5. Nbd2 Nh5 6. dxc5 Nxf4 7. exf4 Qa5 8. c4 e6 9. a3 Qxc5 10. Rc1 Qd6 11. cxd5 exd5 12. Bb5 Be7 13. Ne5 O-O 14. Bxc6 bxc6 15. Rxc6 Qd8 16. O-O Bb7 17. Rc1 Rc8 18. Ndf3 Bd6 19. Qd4 Qa5 20. g3 h6 21. Rfe1 Rfd8 22. h4 Bc5 23. Qd3 Qb6 24. Qd2 a5 25. Nd3 d4 26. Nfe5 Ba8 27. Nxc5 Rxc5 28. Qd3 Qb7 29. f3 Rxc1 30. Rxc1 Qxb2 31. Rc7 Bd5 0-1


[Site "https://www.chess.com"]

[Event "Titled Tuesday Blitz November 07 Early 2023"]
[White "OPQRC"]
[Black "Materia, Marco"]
[BlackFideId "45150451"]
[WhiteElo "2552"]
[BlackElo "2815"]
[Result "0-1"]
[Round "2"]
[TimeControl "180+1"]
[Date "2023.11.07"]
[WhiteClock "0:00:00"]
[BlackClock "0:00:59"]
[Board "56"]

1. e4 c5 2. Nf3 e6 3. b3 Nc6 4. Bb2 a6 5. Nc3 d6 6. d4 cxd4 7. Nxd4 Bd7 8. Qd2 Nf6 9. O-O-O Be7 10. Kb1 O-O 11. f3 b5 12. g4 b4 13. Nxc6 Bxc6 14. Ne2 d5 15. e5 Nd7 16. f4 a5 17. Nd4 Bb7 18. f5 Nc5 19. Bd3 a4 20. Rhf1 axb3 21. f6 gxf6 22. exf6 Bxf6 23. cxb3 Nxd3 24. Qxd3 Bg7 25. Rf3 Qa5 26. a4 bxa3 27. Rh3 h6 28. Bc3 Qb6 29. Ka2 Rfb8 30. g5 Ba6 31. Qg3 h5 32. g6 f5 33. Rb1 Rc8 34. Rxh5 Rxc3 35. Qxc3 Qxd4 36. Qc6 Qd2+ 37. Kxa3 Bb7+ 0-1


[Site "https://www.chess.com"]

[Event "Titled Tuesday Blitz November 07 Early 2023"]
[White "BardArtem"]
[Black "Skuhala, Jernej"]
[BlackFideId "14605651"]
[WhiteElo "2813"]
[BlackElo "2551"]
[Result "1-0"]
[Round "2"]
[TimeControl "180+1"]
[Date "2023.11.07"]
[WhiteClock "0:01:56"]
[BlackClock "0:00:00"]
[Board "57"]

1. e4 c6 2. d4 d5 3. exd5 cxd5 4. Bd3 Nc6 5. c3 Nf6 6. h3 e6 7. Bf4 Bd6 8. Bxd6 Qxd6 9. Nf3 O-O 10. O-O e5 11. dxe5 Nxe5 12. Nxe5 Qxe5 13. Nd2 Bd7 14. Nf3 Qf4 15. Qc1 Qc7 16. Qe3 Rfe8 17. Qd4 Bc6 18. Rfe1 Ne4 19. Re3 Nd6 20. Rae1 Rxe3 21. Rxe3 Re8 22. Rxe8+ Nxe8 23. Qxa7 g6 24. Qd4 Ng7 25. Ne5 Ne6 26. Qe3 Be8 27. Ng4 Bc6 28. Qe5 Qxe5 29. Nxe5 f6 30. Nxc6 bxc6 31. a4 Kf7 32. a5 Ke7 33. a6 Kd6 34. a7 Nc7 35. Ba6 Na8 36. Bb7 1-0


[Site "https://www.chess.com"]

[Event "Titled Tuesday Blitz November 07 Early 2023"]
[White "Iskusnyh, Sergei"]
[Black "Lobanov, Sergei"]
[WhiteFideId "4120027"]
[BlackFideId "24183750"]
[WhiteElo "2550"]
[BlackElo "2813"]
[Result "0-1"]
[Round "2"]
[TimeControl "180+1"]
[Date "2023.11.07"]
[WhiteClock "0:00:00"]
[BlackClock "0:00:05"]
[Board "58"]

1. d4 Nf6 2. c4 e6 3. g3 d5 4. Bg2 Bb4+ 5. Nd2 O-O 6. Nf3 b6 7. O-O Bb7 8. b3 a5 9. Bb2 a4 10. Qc2 c5 11. dxc5 bxc5 12. a3 Bxd2 13. Nxd2 Nbd7 14. b4 Qe7 15. cxd5 Bxd5 16. e4 Bb7 17. e5 Nd5 18. b5 N7b6 19. Ne4 Rab8 20. Qxc5 Rfc8 21. Qxe7 Nxe7 22. Nd6 Rc2 23. Nxb7 Rxb2 24. Nd6 Ned5 25. Rfc1 h6 26. Rc6 Rb3 27. h4 Nd7 28. Bxd5 exd5 29. Re1 Rxa3 30. Nxf7 Kxf7 31. e6+ Ke8 32. exd7+ Kxd7 33. Rg6 Rb3 34. Rxg7+ Kd6 35. Rg6+ Kc5 36. Rc1+ Kxb5 37. Rxh6 a3 38. Rh7 Kb4 39. Ra7 Rb5 40. Rc8 Rb1+ 41. Kg2 Rb2 42. Rca8 Rb3 43. Ra4+ Kc3 44. Rxa3 d4 45. h5 Rxh5 46. Rc8+ Kb2 47. Rxb3+ Kxb3 48. Rd8 Kc3 49. g4 Re5 50. Kg3 d3 51. f4 Re3+ 52. Kh4 Re4 53. Rxd3+ Kxd3 54. f5 Kd4 55. Kg5 Ke5 56. f6 Rf4 57. Kh6 Kxf6 58. g5+ Kf7 59. g6+ Kg8 0-1


[Site "https://www.chess.com"]

[Event "Titled Tuesday Blitz November 07 Early 2023"]
[White "Goltseva, Ekaterina"]
[Black "Suyarov, Mukhammadzokhid"]
[WhiteFideId "24173770"]
[BlackFideId "14210495"]
[WhiteElo "2549"]
[BlackElo "2809"]
[Result "0-1"]
[Round "2"]
[TimeControl "180+1"]
[Date "2023.11.07"]
[WhiteClock "0:00:02"]
[BlackClock "0:00:53"]
[Board "59"]

1. Nf3 Nf6 2. c4 b6 3. Nc3 Bb7 4. g3 g6 5. Bg2 Bg7 6. O-O O-O 7. d4 Ne4 8. Bd2 Nxc3 9. Bxc3 Be4 10. Bh3 Bxf3 11. exf3 Nc6 12. f4 e6 13. Bg2 Rc8 14. Rc1 Ne7 15. b4 c6 16. a4 a6 17. Qd3 h5 18. h4 Nf5 19. d5 c5 20. Bxg7 Kxg7 21. bxc5 bxc5 22. Qc3+ Nd4 23. Kh1 Rb8 24. Rb1 Qc7 25. Rfd1 Kg8 26. Kh2 Ne2 27. Qe3 Nd4 28. Qc3 Rfe8 29. Re1 a5 30. Rb5 Nxb5 31. axb5 exd5 32. Rxe8+ Rxe8 33. Bxd5 Qb6 34. Qd3 Qf6 35. Qa3 Qd4 36. Kg2 a4 37. f5 gxf5 38. Qf3 Qg4 39. Qa3 f4 40. b6 fxg3 41. Bf3 Qf5 42. fxg3 Qc2+ 43. Kh3 Qb3 44. Qxc5 Qxf3 45. Qg5+ Kh7 46. b7 Qh1# 0-1


[Site "https://www.chess.com"]

[Event "Titled Tuesday Blitz November 07 Early 2023"]
[White "CrazyAdvenTures"]
[Black "Shukhman, Anna"]
[BlackFideId "54180058"]
[WhiteElo "2803"]
[BlackElo "2547"]
[Result "1-0"]
[Round "2"]
[TimeControl "180+1"]
[Date "2023.11.07"]
[WhiteClock "0:00:12"]
[BlackClock "0:00:14"]
[Board "60"]

1. e4 c5 2. Nf3 e6 3. d4 cxd4 4. Nxd4 Nf6 5. Nc3 Nc6 6. Ndb5 Bb4 7. a3 Bxc3+ 8. Nxc3 d5 9. Bd3 O-O 10. O-O dxe4 11. Nxe4 Nxe4 12. Bxe4 Qf6 13. Qg4 e5 14. Qg3 Bf5 15. Bg5 Qg6 16. Bxf5 Qxf5 17. c3 f6 18. Be3 Rfd8 19. h4 Ne7 20. Rad1 Nd5 21. c4 Nxe3 22. Qxe3 Qg4 23. Qb3 e4 24. c5+ Kf8 25. Rxd8+ Rxd8 26. Qxb7 Rd1 27. Rxd1 Qxd1+ 28. Kh2 Qg4 29. c6 Qxh4+ 30. Kg1 e3 31. Qb8+ Kf7 32. Qxa7+ Kg6 33. Qxe3 Qc4 34. Qc3 Qe2 35. c7 Qd1+ 36. Kh2 Qh5+ 37. Qh3 Qc5 38. Qg3+ Kf7 39. b4 Qh5+ 40. Qh3 Qe5+ 41. g3 Qxc7 42. Qxh7 Qa7 43. Qh5+ Kg8 44. Qd5+ Kh8 45. Qf3 Qa4 46. Kg2 g6 47. Qxf6+ Kh7 48. Qf7+ Kh6 49. Qf4+ Kh7 50. Qc7+ Kh6 51. Qc3 Qa8+ 52. Kg1 Qd5 53. Qc1+ Kh7 54. Qb1 Qb5 55. Qb3 Qe2 56. b5 Qe1+ 57. Kg2 Qe4+ 58. Qf3 Qb1 59. a4 Qb4 60. Qf4 Qb1 61. Qc7+ Kh6 62. Qc6 Kg5 63. b6 Kg4 64. Qf3+ Kg5 65. Qf4+ Kh5 66. Qh4# 1-0


[Site "https://www.chess.com"]

[Event "Titled Tuesday Blitz November 07 Early 2023"]
[White "Wartiovaara, Oliver"]
[Black "Kozak, Antoni"]
[WhiteFideId "513024"]
[BlackFideId "21832030"]
[WhiteElo "2546"]
[BlackElo "2802"]
[Result "0-1"]
[Round "2"]
[TimeControl "180+1"]
[Date "2023.11.07"]
[WhiteClock "0:00:11"]
[BlackClock "0:00:28"]
[Board "61"]

1. d4 Nf6 2. c4 e6 3. Nc3 d5 4. cxd5 exd5 5. Bg5 c6 6. e3 Be6 7. Bd3 Nbd7 8. Nge2 h6 9. Bh4 g5 10. Bg3 Nh5 11. O-O Nxg3 12. hxg3 h5 13. f4 Bg4 14. e4 gxf4 15. exd5 fxg3 16. dxc6 Qh4 17. cxd7+ Kd8 18. Nxg3 Bxd1 19. Nf5 Qg5 20. Raxd1 Rg8 21. Rf2 Kxd7 22. Ne4 Qd8 23. d5 Kc7 24. d6+ Kb6 25. Ne3 a6 26. Rxf7 Rc8 27. d7 Rc6 28. Nd5+ Ka7 29. Nef6 Rg7 30. Rxf8 Qxf8 31. Re1 Rxf6 32. Re8 Qc5+ 0-1


[Site "https://www.chess.com"]

[Event "Titled Tuesday Blitz November 07 Early 2023"]
[White "elprimo2012mortis"]
[Black "Demin, Vladimir"]
[BlackFideId "4167457"]
[WhiteElo "2802"]
[BlackElo "2545"]
[Result "1/2-1/2"]
[Round "2"]
[TimeControl "180+1"]
[Date "2023.11.07"]
[WhiteClock "0:00:04"]
[BlackClock "0:00:03"]
[Board "62"]

1. e4 e5 2. Bc4 Nf6 3. d3 Nc6 4. Nc3 Na5 5. Nge2 Bc5 6. O-O Nxc4 7. dxc4 O-O 8. Bg5 h6 9. Bh4 Be7 10. Qd3 d6 11. f3 Be6 12. b3 Nd7 13. Bxe7 Qxe7 14. Ng3 Nc5 15. Qe3 f5 16. exf5 Bxf5 17. Rf2 Ne6 18. Re1 Qd7 19. Nxf5 Rxf5 20. Qe4 Nc5 21. Qd5+ Kh8 22. Ne4 Nxe4 23. Qxe4 Rb8 24. Rd2 b6 25. a4 a5 26. Qe3 Rbf8 27. Qc3 Qf7 28. Re4 Rf4 29. Rde2 Qg6 30. c5 Rxf3 31. Qe1 bxc5 32. R4e3 R3f4 33. h3 Qf5 34. Kh2 Rf6 35. Qxa5 Rf1 36. Re4 d5 37. Rg4 h5 38. Rg3 Qf4 39. Qd2 Rh1+ 40. Kxh1 Qxg3 41. Qe1 Qxe1+ 42. Rxe1 e4 43. Ra1 d4 44. a5 Ra6 45. g4 hxg4 46. hxg4 Kh7 47. Kg2 Kg6 48. Kg3 Kg5 49. Ra2 e3 50. Ra1 Kf6 51. Kf4 g5+ 52. Ke4 Re6+ 53. Kd3 Ra6 54. Kc4 e2 55. Re1 Rxa5 56. Rxe2 Ra1 57. Kxc5 Rg1 58. Kxd4 Rxg4+ 59. Kc5 Rf4 60. c4 g4 61. b4 g3 62. Rg2 Rg4 63. b5 Ke5 64. Rg1 g2 65. b6 cxb6+ 66. Kxb6 Kd4 67. c5 Rg6+ 68. c6 Kd5 69. Rd1+ Ke5 70. Rg1 Kd5 71. Rd1+ Ke5 72. Rg1 Kd5 1/2-1/2


[Site "https://www.chess.com"]

[Event "Titled Tuesday Blitz November 07 Early 2023"]
[White "Mihailidis, Anastasios"]
[Black "Sokolovsky, Yahli"]
[WhiteFideId "4205588"]
[BlackFideId "2820242"]
[WhiteElo "2541"]
[BlackElo "2799"]
[Result "0-1"]
[Round "2"]
[TimeControl "180+1"]
[Date "2023.11.07"]
[WhiteClock "0:00:00"]
[BlackClock "0:00:29"]
[Board "63"]

1. e4 d6 2. d4 g6 3. Nc3 Bg7 4. Be3 a6 5. Qd2 b5 6. a3 Bb7 7. f3 Nd7 8. Nge2 Rc8 9. Rd1 Ngf6 10. d5 O-O 11. Nf4 Ne5 12. Bd3 c6 13. dxc6 Bxc6 14. Nfe2 Bb7 15. O-O Nfd7 16. h3 Nb6 17. b3 Qc7 18. Nb1 Nbd7 19. f4 Nxd3 20. cxd3 Nc5 21. b4 Nb3 22. Qe1 Qc2 23. Bf2 Qb2 24. Ng3 Rc2 25. f5 Rfc8 26. fxg6 hxg6 27. d4 Bxd4 28. Nd2 Nxd2 29. Bxd4 Qxd4+ 30. Kh2 Qb2 0-1


[Site "https://www.chess.com"]

[Event "Titled Tuesday Blitz November 07 Early 2023"]
[White "Fernandez, Daniel"]
[Black "Bazilius, Augustinas"]
[WhiteFideId "2015390"]
[BlackFideId "12832251"]
[WhiteElo "2792"]
[BlackElo "2538"]
[Result "1-0"]
[Round "2"]
[TimeControl "180+1"]
[Date "2023.11.07"]
[WhiteClock "0:01:18"]
[BlackClock "0:00:03"]
[Board "64"]

1. e4 c5 2. Nf3 a6 3. c3 e6 4. d4 d5 5. exd5 Qxd5 6. Bd3 Nf6 7. O-O cxd4 8. cxd4 Nc6 9. Nc3 Qd8 10. Bg5 Be7 11. Re1 h6 12. Bh4 O-O 13. Bc2 Nb4 14. Bb1 b5 15. a3 Nbd5 16. Qd3 g6 17. Ne5 g5 18. Ng4 Re8 19. Nxh6+ Kg7 20. Bxg5 Rh8 21. Nxd5 exd5 22. Nxf7 Kxf7 23. Qg6+ Kf8 24. Bd3 Rg8 25. Bh6+ 1-0


[Site "https://www.chess.com"]

[Event "Titled Tuesday Blitz November 07 Early 2023"]
[White "Klimkowski, Jan"]
[Black "Manukian, Artak"]
[WhiteFideId "21856222"]
[BlackFideId "13301373"]
[WhiteElo "2792"]
[BlackElo "2537"]
[Result "1-0"]
[Round "2"]
[TimeControl "180+1"]
[Date "2023.11.07"]
[WhiteClock "0:00:13"]
[BlackClock "0:00:15"]
[Board "65"]

1. Nf3 g6 2. d4 Bg7 3. c4 d6 4. g3 Nf6 5. Bg2 O-O 6. O-O Nbd7 7. Nc3 e5 8. e4 c6 9. Re1 Qe7 10. Qc2 a5 11. h3 exd4 12. Nxd4 Nc5 13. Nb3 Nfd7 14. Nxc5 Nxc5 15. Bf4 Be5 16. Be3 Be6 17. b3 h5 18. Rad1 Rfd8 19. f4 Bg7 20. Bd4 Bxd4+ 21. Rxd4 h4 22. g4 Qf6 23. Qf2 a4 24. e5 dxe5 25. Rxd8+ Rxd8 26. Qxc5 exf4 27. Ne4 Qb2 28. Qg5 Rd3 29. Qxf4 a3 30. Qf2 b6 31. Bf1 Rd8 32. Qxb2 axb2 33. Rb1 f5 34. Ng5 Bc8 35. Rxb2 fxg4 36. hxg4 Bxg4 37. Rh2 Rd1 38. Rxh4 Be2 39. Rf4 Ra1 40. Ne6 g5 41. Nxg5 Bxf1 42. Rxf1 Rxa2 43. Rf3 b5 44. c5 Rc2 45. Ne6 b4 46. Kf1 Kh7 47. Ke1 Kg6 48. Kd1 Rb2 49. Nd4 Kg5 50. Nxc6 1-0


[Site "https://www.chess.com"]

[Event "Titled Tuesday Blitz November 07 Early 2023"]
[White "Gavrilov, Maxim"]
[Black "Mekhitarian, Krikor Sevag"]
[WhiteFideId "24271454"]
[BlackFideId "2107660"]
[WhiteElo "2536"]
[BlackElo "2791"]
[Result "1-0"]
[Round "2"]
[TimeControl "180+1"]
[Date "2023.11.07"]
[WhiteClock "0:00:20"]
[BlackClock "0:00:07"]
[Board "66"]

1. d4 Nf6 2. c4 g6 3. Nf3 Bg7 4. g3 d5 5. cxd5 Nxd5 6. Bg2 Nb6 7. Nc3 Nc6 8. d5 Bxc3+ 9. bxc3 Qxd5 10. Qxd5 Nxd5 11. Bh6 f6 12. c4 Nb6 13. c5 Na4 14. O-O Nxc5 15. Rfc1 Nd7 16. Rab1 Kf7 17. h4 e5 18. Nd2 Ndb8 19. Bd5+ Ke7 20. Ne4 Nd7 21. Bxc6 bxc6 22. Rxc6 Rb8 23. Rxb8 Nxb8 24. Rxc7+ Nd7 25. Bg7 Rg8 26. Bxf6+ Ke6 27. Bg5 a6 28. f3 Rf8 29. Bh6 Re8 30. Rc6+ Kd5 31. Rc7 Ke6 32. Kf2 a5 33. a4 Rd8 34. Bg5 Rf8 35. Ke3 Rh8 36. Kd3 h6 37. Bd2 Rh7 38. Bxa5 Rf7 39. Rxc8 1-0


[Site "https://www.chess.com"]

[Event "Titled Tuesday Blitz November 07 Early 2023"]
[White "Karimov, Alisher"]
[Black "Sattarov, Bobir"]
[WhiteFideId "14700280"]
[BlackFideId "14203081"]
[WhiteElo "2534"]
[BlackElo "2788"]
[Result "1-0"]
[Round "2"]
[TimeControl "180+1"]
[Date "2023.11.07"]
[WhiteClock "0:00:16"]
[BlackClock "0:00:02"]
[Board "67"]

1. d4 Nf6 2. c4 c5 3. Nf3 g6 4. Nc3 Bg7 5. g3 Qa5 6. Bd2 cxd4 7. Nxd4 Nc6 8. Ndb5 O-O 9. Bg2 a6 10. Nd5 Qd8 11. Nbc3 d6 12. O-O Be6 13. Be3 Rc8 14. Nb6 Rb8 15. h3 Nd7 16. Nbd5 b5 17. cxb5 axb5 18. Rc1 b4 19. Na4 Na5 20. b3 Bxd5 21. Bxd5 e6 22. Bg2 d5 23. Qd2 Qe7 24. Rc7 Qd6 25. Rfc1 Bc3 26. Nxc3 Qxc7 27. Nxd5 Qd8 28. Nxb4 Nf6 29. Qe1 Qd6 30. Nd3 Nb7 31. Bf4 Qa6 32. Bxb8 Rxb8 33. a4 Na5 34. b4 Nb3 35. Nc5 Nxc5 36. bxc5 Qxa4 37. c6 Rc8 38. Qc3 Ne8 39. Qc4 Qxc4 40. Rxc4 Nc7 41. f4 Kf8 42. Rd4 Ne8 43. Rd7 Rc7 44. Rd8 Ke7 45. Rb8 h5 46. Kf2 Nf6 47. Ke3 Kd6 48. Kd4 Nd5 49. e4 Ne7 50. e5# 1-0


[Site "https://www.chess.com"]

[Event "Titled Tuesday Blitz November 07 Early 2023"]
[White "Yeremyan_ChessMate"]
[Black "Rietze, Clemens, Dr."]
[BlackFideId "24620351"]
[WhiteElo "2787"]
[BlackElo "2534"]
[Result "1-0"]
[Round "2"]
[TimeControl "180+1"]
[Date "2023.11.07"]
[WhiteClock "0:01:57"]
[BlackClock "0:01:34"]
[Board "68"]

1. e4 c5 2. Nc3 Nc6 3. Bb5 Nd4 4. Bc4 e6 5. Nge2 Nf6 6. O-O d5 7. exd5 exd5 8. Nxd4 dxc4 9. Re1+ Be7 10. Nf3 O-O 11. b3 cxb3 12. axb3 Bd6 13. h3 b6 14. Bb2 Bb7 15. d4 cxd4 16. Nxd4 Bb4 17. Nf5 a6 18. Re3 Qc7 19. Rg3 Nh5 20. Qxh5 1-0


[Site "https://www.chess.com"]

[Event "Titled Tuesday Blitz November 07 Early 2023"]
[White "Tikhonov, Viacheslav"]
[Black "Javakhadze, Zurab"]
[WhiteFideId "44196407"]
[BlackFideId "13603647"]
[WhiteElo "2534"]
[BlackElo "2786"]
[Result "0-1"]
[Round "2"]
[TimeControl "180+1"]
[Date "2023.11.07"]
[WhiteClock "0:00:02"]
[BlackClock "0:00:03"]
[Board "69"]

1. e4 c5 2. c3 e6 3. d4 cxd4 4. cxd4 d5 5. e5 Nc6 6. Nf3 Bd7 7. Nc3 Nh6 8. Bd3 Qb6 9. Bb1 Qa6 10. Bd3 Qb6 11. Bb1 Na5 12. O-O Nc4 13. b3 Na5 14. Be3 Bb4 15. Ne2 Ng4 16. Bd3 Nxe3 17. fxe3 Be7 18. Nf4 O-O-O 19. Rc1+ Kb8 20. Qe2 f6 21. exf6 Bxf6 22. Nh5 Rc8 23. Nxf6 gxf6 24. Qd2 Nc6 25. Rc5 Ne7 26. Rfc1 Rxc5 27. Rxc5 h5 28. b4 Qd6 29. b5 h4 30. a4 h3 31. g3 e5 32. Bf1 Bg4 33. Ne1 Nf5 34. Qf2 Re8 35. Bd3 exd4 36. Rc1 dxe3 37. Qf1 Nd4 38. Kh1 Qe5 39. a5 e2 40. Qf2 Nf3 41. b6 a6 42. Qc5 d4 43. Qc7+ Qxc7 44. bxc7+ Kc8 45. Bc4 Nxe1 46. Rxe1 Kxc7 47. Kg1 Re3 48. Kf2 Kd6 49. Rb1 Kc5 50. Rc1 Rf3+ 51. Kxe2 Rc3+ 0-1


[Site "https://www.chess.com"]

[Event "Titled Tuesday Blitz November 07 Early 2023"]
[White "Alinasab, Mobina"]
[Black "Weetik, Vjacheslav"]
[WhiteFideId "12528897"]
[BlackFideId "4153472"]
[WhiteElo "2533"]
[BlackElo "2781"]
[Result "0-1"]
[Round "2"]
[TimeControl "180+1"]
[Date "2023.11.07"]
[WhiteClock "0:00:19"]
[BlackClock "0:00:49"]
[Board "70"]

1. e4 c6 2. d4 d5 3. e5 Bf5 4. h4 Qb6 5. g4 Bd7 6. c4 h5 7. gxh5 Nh6 8. Nc3 e6 9. c5 Qc7 10. Bxh6 Rxh6 11. Be2 b6 12. cxb6 Qxb6 13. Qd2 c5 14. dxc5 Bxc5 15. Nh3 Bd4 16. O-O-O Bxe5 17. Kb1 Nc6 18. f4 Bf6 19. Ne4 dxe4 20. Qxd7+ Kf8 21. Qd6+ Kg8 22. Qa3 Rb8 23. Rd2 e3 24. Rc2 Nd4 25. Rhc1 Nxc2 26. Rxc2 Qd4 27. Ng5 Qxf4 28. Nf3 Rxh5 29. Qxa7 Rd5 30. Qa6 Qe4 31. Kc1 Bxb2+ 32. Rxb2 Rc5+ 33. Kd1 Qb1+ 0-1


[Site "https://www.chess.com"]